 Dungeon Crawl Stone Soup version 0.21.1-1-g345015f (webtiles) character file.

90 aMcNicky the Skirmisher (level 4, -4/41 HPs)
             Began as a Minotaur Chaos Knight on Mar 2, 2018.
             Killed by divine providence
             ... invoked by an orc priest
              (12 damage)
             ... on level 3 of the Dungeon.
             The game lasted 00:08:28 (1881 turns).

aMcNicky the Skirmisher (Minotaur Chaos Knight)     Turns: 1881, Time: 00:08:29

Health: -4/41      AC:  6    Str: 17    XL:     4   Next: 32%
Magic:  12/12      EV: 12    Int:  9    God:    Xom [.*....]
Gold:   126        SH:  0    Dex: 10    Spells: 3/3 levels left

rFire    . . .     SeeInvis .   a - +0 mace (chaos)
rCold    . . .     Gourm    .   (no shield)
rNeg     . . .     Faith    .   b - +2 leather armour
rPois    .         Spirit   .   (helmet restricted)
rElec    .         Reflect  .   (no cloak)
rCorr    .         Harm     .   h - +0 pair of gloves
MR       .....                  (no boots)
Stlth    +.........             (no amulet)
HPRegen  0.13/turn              d - ring of magical power
MPRegen  0.13/turn              (no ring)

@: flying, very slightly contaminated, hasted, very quick
A: retaliatory headbutt, horns 2
a: Renounce Religion


You were on level 3 of the Dungeon.
You worshipped Xom.
You were a plaything of Xom.
You were not hungry.

You visited 1 branch of the dungeon, and saw 3 of its levels.

You collected 126 gold pieces.

Inventory:

Hand Weapons
 a - a +0 mace of chaos (weapon)
Armour
 b - a +2 leather armour (worn)
 h - a +0 pair of gloves (worn)
Jewellery
 d - a ring of magical power (left hand)
Scrolls
 f - 2 scrolls of magic mapping {unknown}
 i - 2 scrolls of fog {unknown}
 k - 2 scrolls of teleportation {unknown}
 n - a scroll of blinking {unknown}
 q - a scroll of random uselessness {unknown}
 r - a scroll of identify {unknown}
Potions
 e - a potion of haste
 o - 2 potions of mutation {unknown}
 p - a potion of heal wounds {unknown}
Comestibles
 c - 2 rations
 l - 5 chunks of flesh


   Skills:
 + Level 4.5 Fighting
 + Level 4.3 Maces & Flails
 + Level 3.4 Armour
 + Level 2.3 Dodging


You had 3 spell levels left.
You didn't know any spells.

Dungeon Overview and Level Annotations

Branches:
Dungeon (3/15)

Altars:
Qazlal
Xom

Annotations:
D:3 Natasha


Innate Abilities, Weirdness & Mutations

You reflexively headbutt those who attack you in melee.
You have a pair of horns on your head.


Message History

The orc priest calls down the wrath of Beogh upon you.
Pain shoots through your body!
* * * LOW HITPOINT WARNING * * *
The orc misses you.
The crimson imp shouts, "Scamper away, thou odious toot-wallowing cud-chewer!"
The orc hits you but does no damage.
Some of the chunks of flesh in your inventory have rotted away.
It was a potion of flight.
You feel very buoyant.
You fly up into the air.
Something hits you but does no damage. The orc priest closely misses you.
Natasha mumbles some strange words.
The orc misses you. The orc hits you.
* * * LOW HITPOINT WARNING * * *
The crimson imp summons a swarm of flies.
The orc priest mumbles some strange prayers to Beogh against you.
Beogh smites you!
You die...
Xom titters!

#.............#.#....
#........######.#.<.#
#....##### #......
#...5#############...
#..5.........# #.....
#..ho........# #.#...
####.oo......# #.#...
#.........# #.##[#
#@........# #.##.#
#.........# #....#
#.........########
###.....###...#
#......##_###.#
#.....##...##.#
#.....#8...8#.#
#.....##...##.#
#####..##.###.#


You could see an orc priest, Natasha, 2 crimson imps and 2 orcs.

Vanquished Creatures
  3 adders
  An ooze (D:1)
  A worm (D:2)
  2 leopard geckos
  An orc (D:3)
  A bat (D:1)
  A giant cockroach (D:1)
  10 goblins
  5 hobgoblins
  6 jackals
  2 quokkas (D:3)
  A ball python (D:3)
  4 frilled lizards
  4 kobolds
  8 rats
50 creatures vanquished.

Vanquished Creatures (others)
  A plant (D:2)
  4 toadstools (D:1)
5 creatures vanquished.

Grand Total: 55 creatures vanquished

Notes
Turn   | Place    | Note
-------+----------+-------------------------------------------
     0 | D:1      | aMcNicky the Minotaur Chaos Knight began the quest for the Orb.
     0 | D:1      | Reached XP level 1. HP: 19/19 MP: 0/0
   167 | D:1      | Reached XP level 2. HP: 27/27 MP: 1/1
   210 | D:1      | XOM: swap monsters
   212 | D:1      | XOM: cast spell 'Ring of Flames'
   359 | D:1      | XOM: medium Pois miscast
   496 | D:1      | XOM: noise
   520 | D:1      | XOM: mild Erth miscast
   905 | D:2      | Reached XP level 3. HP: 28/33 MP: 2/2
   922 | D:2      | XOM: silly message
  1149 | D:2      | XOM: 4-stop teleportation journey
  1623 | D:3      | Reached XP level 4. HP: 41/41 MP: 3/3
  1762 | D:3      | Found a stormy altar of Qazlal.
  1764 | D:3      | Found a shimmering altar of Xom.
  1775 | D:3      | XOM: scenery: 1 doors close
  1822 | D:3      | XOM: scenery: create altars
  1872 | D:3      | Noticed Natasha
  1881 | D:3      | Killed from afar by an orc priest

Skill      XL: |  1  2  3 |
---------------+----------+-----
Fighting       | 4 |  4.5
Maces & Flails | 4 |  4.3
Armour         | 3 |  3.4
Dodging        | 2 |  2.3

Action                   |  1- 3 |  4- 6 || total
-------------------------+-------+-------++-------
Melee: Mace              |    81 |    28 ||   109
       Headbutt          |     8 |     4 ||    12
  Use: Potion            |       |     4 ||     4
 Stab: Petrifying        |     1 |       ||     1
       Petrified         |     1 |       ||     1
  Eat: Chunk             |     2 |     1 ||     3
Armor: Leather armour    |    28 |    16 ||    44
Dodge: Dodged            |    42 |    25 ||    67
